Cogmind - Beta 10.1 @@@ ROGUE MODE // 2020.09.23 @ 12:21:41 Player: Hechtic Result: Destroyed by G-34 Mercenary with Small Laser Performance ------------- Evolutions (0) 0 Regions Visited (1) 200 Robots Destroyed (6) 30 Value Destroyed (183) 183 Prototype IDs (1) 20 Alien Tech Used (0) 0 Bonus (0) 0 TOTAL SCORE: 433 Bonus ------- None Cogmind --------- Core Integrity 0/250 Matter 300/300 Energy 100/100 System Corruption 0% Temperature Cool (6) Movement Core (300) Ox5 Location -10/Materials Parts ------- > --- POWER (1) -------- (None) > --- PROPULSION (2) --- (None) > --- UTILITY (2) ------ Improved Heat Sink Large Storage Unit > --- WEAPON (2) ------- (None) > --- INVENTORY (10) --- Improved Hover Unit Improved Hover Unit Structural Scanner Visual Processing Unit Sensor Array Terrain Scan Processor Heavy EM Pulse Gun Improved EM Shotgun Peak State ------------ > --- POWER ------------ Ion Engine > --- PROPULSION ------- Improved Hover Unit Improved Hover Unit > --- UTILITY ---------- Improved Heat Sink Large Storage Unit > --- WEAPON ----------- Heavy EM Pulse Gun Improved EM Shotgun > --- INVENTORY -------- Aluminum Leg Improved Hover Unit Improved Hover Unit Structural Scanner Terrain Scan Processor Particle Gun [Rating: 15] Favorites ----------- Power Ion Engine Engine Ion Engine Propulsion Improved Hover Unit Leg Aluminum Leg Hover Unit Improved Hover Unit Utility Improved Heat Sink Device Improved Heat Sink Storage Large Storage Unit Weapon Heavy EM Pulse Gun Energy Gun Heavy EM Pulse Gun Ballistic Gun Assault Rifle Build | -11 -10 ------- Run | Scr Mat Slots Evolved . | . . Power . | . . Propulsion . | . . Utility . | . . Weapon . | . . Parts Attached 18 | 6 12 Power 2 | 1 1 Engine 2 | 1 1 Core . | . . Reactor . | . . Propulsion 5 | 2 3 Treads . | . . Leg 2 | 2 . Wheel . | . . Hover 3 | . 3 Flight . | . . Utility 3 | 1 2 Device 1 | . 1 Storage 2 | 1 1 Processor . | . . Hackware . | . . Protection . | . . Artifact . | . . Weapon 8 | 2 6 Energy Gun 7 | 1 6 Energy Cannon . | . . Ballistic Gun 1 | 1 . Ballistic Cannon . | . . Launcher . | . . Special Weapon . | . . Impact Weapon . | . . Slashing Weapon . | . . Piercing Weapon . | . . Special Melee Weapon . | . . Unidentified Prototypes 1 | . 1 Parts Lost 7 | . 7 Power 2 | . 2 Propulsion 2 | . 2 Utility . | . . Weapon 3 | . 3 Highest Loss Streak 5 | . 5 Average Slot Usage (%) 90 | . 90 Engine 11 | . 11 Leg 7 | . 7 Hover 18 | . 18 Device 10 | . 10 Storage 13 | . 13 Energy Gun 22 | . 22 Ballistic Gun 4 | . 4 Naked Turns . | . . Heaviest Build 28 | 11 28 Greatest Support 20 | 20 20 Greatest Overweight (x) 9 | 2 9 Average Overweight (x) . | . . Largest Inventory Capacity 10 | 6 10 Average Capacity 8 | 5 8 Most Carried 8 | 5 8 Average Carried 5 | 2 5 Final Capacity 10 | 6 10 Final Carried 8 | 4 8 Class Distribution -------------------- 100% | Mutant Dominant Class ---------------- Mutant | -10/Materials Resources | -11 -10 ----------- Run | Scr Mat Matter Collected 404 | 206 198 Remotely . | . . Salvage Created 249 | . 249 Parts 21 | . 21 Haulers Intercepted . | . . Recyclers Shooed . | . . Parts Field Recycled . | . . Retrieved Matter . | . . Parts Self-Destructed . | . . Prevented . | . . Kills | -11 -10 ------- Run | Scr Mat Combat Hostiles Destroyed 4 | . 4 Guns 4 | . 4 Classes Destroyed 3 | . 3 Builder 1 | . 1 Watcher 1 | . 1 Grunt 4 | . 4 Best Kill Streak 3 | . 3 Combat Bots Only 2 | . 2 Max Kills in Single Turn 1 | . 1 Gunslinging . | . . Exploded . | . . Melee . | . . Uniques/NPCs Destroyed . | . . Combat | -11 -10 -------- Run | Scr Mat Damage Taken 842 | . 842 Core 260 | . 260 Absorbed by Shields . | . . Core Remaining (%) 100 | 100 . Volleys Fired 28 | 1 27 Largest 2 | 2 2 Hottest 90 | 60 90 Shots Fired 54 | 2 52 Gun 54 | 2 52 Cannon . | . . Launcher . | . . Special . | . . Kinetic 18 | 1 17 Thermal . | . . Explosive . | . . Electromagnetic 36 | 1 35 Robot Hit Streak 6 | . 6 Robot Miss Streak 3 | . 3 Penetration Max . | . . Secondary Targets 1 | . 1 Max Gunslinging Chain 1 | . 1 Shots Hit Robots 29 | . 29 Core Hits 11 | . 11 Critical Hits . | . . Critical Kills . | . . Critical Parts Destroyed . | . . Melee Attacks . | . . Impact . | . . Slashing . | . . Piercing . | . . Sneak Attacks . | . . Combat Hostiles . | . . Follow-up Attacks . | . . Damage Inflicted 412 | . 412 Guns 412 | . 412 Cannons . | . . Explosions . | . . Melee . | . . Ramming . | . . Kinetic 113 | . 113 Thermal . | . . Explosive . | . . Electromagnetic 299 | . 299 Impact . | . . Slashing . | . . Piercing . | . . Highest Corruption . | . . Average Corruption . | . . Corruption Purged . | . . Overload Shots . | . . Overflow Damage . | . . Projectiles . | . . Explosions . | . . Melee . | . . Knockbacks . | . . Impact . | . . Kinetic . | . . Secondary . | . . Self-Inflicted Damage . | . . Shots . | . . Rammed . | . . Targets Rammed . | . . Kicked . | . . Crushed . | . . Highest Temperature 70 | . 70 Average Temperature 33 | . 33 Received Heat Transfer 465 | . 465 Siege Activations . | . . Robots Corrupted . | . . Combat Hostiles . | . . Parts Fried . | . . Impact Corruptions . | . . Robots Melted . | . . Combat Hostiles . | . . Parts Melted . | . . Heat Transferred . | . . Parts Sabotaged . | . . Parts Stolen . | . . Parts Stripped . | . . Power Chain Reactions . | . . Missiles Intercepted . | . . Alert | -11 -10 ------- Run | Scr Mat Peak Influence 107 | . 107 Initial . | . . Average 58 | . 66 Maximum Alert Level . | . . Low Security (%) 100 | 100 100 Level 1 . | . . Level 2 . | . . Level 3 . | . . Level 4 . | . . Level 5 . | . . High Security . | . . Max Security . | . . Squads Dispatched 1 | . 1 Investigation . | . . Extermination . | . . Reinforcement 1 | . 1 Assault . | . . Garrison . | . . Intercept . | . . Construction Impeded . | . . Haulers Reinforced . | . . Stealth | -11 -10 --------- Run | Scr Mat Distress Signals 1 | . 1 Communications Jammed . | . . Distress Signals . | . . Times Spotted 13 | . 13 Peak Tracking Total 4 | . 4 Tactical Retreats 1 | . 1 Traps | -11 -10 ------- Run | Scr Mat Traps Triggered . | . . Indirectly . | . . Trap Hack Attempts . | . . Triggered . | . . Disarmed . | . . Reprogrammed . | . . Reused . | . . Traps Extracted . | . . Installed . | . . Triggered . | . . Machines | -11 -10 ---------- Run | Scr Mat Machines Disabled . | . . Max in Single Turn . | . . Machines Sabotaged . | . . Garrisons Compromised . | . . Overloaded Fab Kills . | . . Fab Network Shutdowns . | . . Hacking | -11 -10 --------- Run | Scr Mat Machines Accessed . | . . Terminals . | . . Fabricators . | . . Repair Stations . | . . Recycling Units . | . . Scanalyzers . | . . Garrison Access . | . . Total Hacks . | . . Successful . | . . Failed . | . . Catastrophic . | . . Database Lockouts . | . . Manual . | . . Terminals . | . . Fabricators . | . . Repair Stations . | . . Recycling Units . | . . Scanalyzers . | . . Garrison Access . | . . Terminal Hacks . | . . Fabricator Hacks . | . . Repair Station Hacks . | . . Recycling Unit Hacks . | . . Scanalyzer . | . . Garrison Access Hacks . | . . Unauthorized Hacks . | . . Terminals . | . . Fabricators . | . . Repair Stations . | . . Recycling Units . | . . Scanalyzers . | . . Garrison Access . | . . Data Cores Recovered . | . . Used . | . . Hacking Detections . | . . Full Trace Events . | . . Feedback Events . | . . Feedback Blocked . | . . Robot Schematics Acquired . | . . Robots Built . | . . Matter . | . . Time . | . . Total Robot Build Rating . | . . Part Schematics Acquired . | . . Parts Built . | . . Matter . | . . Time . | . . Total Part Build Rating . | . . Parts Repaired . | . . Time . | . . Parts Recycled . | . . Recycled Matter . | . . Retrieved Matter . | . . Retrieved Components . | . . Parts Scanalyzed . | . . Part Schematics Acquired . | . . Parts Damaged . | . . Bothacking | -11 -10 ------------ Run | Scr Mat Used RIF Installer . | . . Robots Hacked . | . . Non-combat . | . . Combat . | . . Robot Hacks Applied . | . . Relay Couplers Released . | . . Robots Rewired . | . . Allies Hacked . | . . Hacks Repelled . | . . Allies | -11 -10 -------- Run | Scr Mat Total Allies . | . . Largest Group . | . . Highest-Rated Group . | . . Highest-Rated Ally . | . . Total Orders . | . . Ally Attacks . | . . Total Damage . | . . Kills . | . . Allies Corrupted . | . . Allies Melted . | . . Intel | -11 -10 ------- Run | Scr Mat Robot Analysis Total . | . . Derelict Logs Recovered . | . . Drone Launches . | . . Drone Recoveries . | . . Exploration | -11 -10 ------------- Run | Scr Mat Turns Passed 466 | 57 409 Spaces Moved 230 | 37 193 Core 8 | 6 2 Treads . | . . Legs 75 | 31 44 Wheels . | . . Hover 147 | . 147 Flight . | . . Fastest Speed 50 | 50 56 Average Speed 113 | 112 114 Slowest Speed 500 | 150 500 Overloaded Moves . | . . Propulsion Burnouts . | . . Robots Hopped . | . . Cave-ins Triggered . | . . Exploration Rate (%) 18 | 3 34 Regions Visited 1 Branch Regions . Pre-discovered Areas . | . . Known Exits Taken . | . . Unknown Exits Taken 1 | 1 . Scrap Searched . | . . Spaces Dug . | . . Terrain Destroyed . | . . Melee . | . . Projectile . | . . AOE . | . . Terrain Rammed . | . . Walls Destroyed . | . . Machines Disabled . | . . Actions | -11 -10 --------- Run | Scr Mat Total 378 | 48 330 Wait 76 | . 76 Move 229 | 36 193 Hop . | . . Pick Up 16 | 5 11 Fast Attach 12 | 5 7 Attach 3 | 1 2 Detach 1 | . 1 Swap 3 | . 3 Drop 10 | . 10 Fire 28 | 1 27 Melee . | . . Ram . | . . Kick . | . . Crush . | . . Escape Stasis . | . . Rewire . | . . Trap . | . . Miscellaneous . | . . Route ------- -11/Scrapyard -10/Materials History --------- Turn | Location | Event 6 | -11/Scrapyard | Discovered new exit (range 16) 58 | -11/Scrapyard | Entered Materials 303 | -10/Materials | Build established: Mutant 458 | -10/Materials | Core integrity fell below 50% 464 | -10/Materials | Core integrity fell below 20% 467 | -10/Materials | Destroyed by G-34 Mercenary with Small Laser Last Messages --------------- 00382_ Acquired Hvy. EM Pulse Gun. 00392_ U-05 Engineer lays Concrete. 00392_ T-07 Excavator is excavating. 00393_ U-05 Engineer lays Concrete. 00397_ T-07 Excavator is excavating. 00413_ K-01 Serf collects debris. 00415_ O-16 Technician: "IFF HANDSHAKE FAILED. SECURING TERMINAL." 00416_ Acquired Visual Processing Unit. 00417_ K-01 Serf collects debris. 00418_ Dropped Aluminum Leg. 00418_ Acquired Sensor Array. 00420_ ALERT: Hostiles spotted, dispatching reinforcements to Terminal M006. 00421_ K-01 Serf collects debris. 00431_ Imp. Hover Unit destroyed. 00432_ K-01 Serf collects debris. 00438_ Imp. Hover Unit destroyed. 00452_ Hvy. EM Pulse Gun destroyed. 00458_ Ion Engine destroyed. 00465_ U-05 Engineer lays Concrete. Map ----- +----------------------------------------------------+ | ??????? #??????????????????????????????????????? | | ??????? #??????????????????????????????????????? | | ??????? #??????????????????????????????????????? | | ??????# #??????????????????????????????????????? | | ??????# #??????????????????????????????????????? | | ??????# #??????????????????????????????????????? | | ??????# #??????????????????????????????????????? | | ??????# #??????????????????????????????????????? | | ??????# #########+######???????????????????????? | | ??????# #???????????????????????? | | ??????# ? #???????????????????????? | | ??????# """"??" #???????????????????????? | | ??????# """"""" #???????????????????????? | | #######% """"""" #???????????????????????? | | = """"""" #???????????????????????? | | ####### """"""" #???????????????????????? | | ??????#* ! #???????????????????????? | | ??????# %= #???????????????????????? | | ??????# = = u #???###?????????????????? | | ??????# g g #?? #?????????????????? | | ??????# #?? #?????????????????? | | ??????# #?!! #?????????????????? | | ??????# #?!! #?????????????????? | | ??????# o # ! #?????????????????? | | ??????# "T" g# #?????????????????? | | ??????# ! @ """ #?????????????????? | | ??????# ! g # """ #?????????????????? | | ??????## # """ #?????????????????? | | ???????# ######?""" #?????????????????? | | ???????# #?????? #?????????????????? | | ???????# #??????? #?????????????????? | | ???????# #???????####?????????????????? | | ???????# #????????????????????????????? | | ???????# ####### ????????????????????????????? | | ???????# ??????# ????????????????????????????? | | ???????????????? ?????????????????????????????? | | ????????????????##???????????????????????????????? | | ?????????????????????????????????????????????????? | | ?????????????????????????????????????????????????? | | ?????????????????????????????????????????????????? | | ?????????????????????????????????????????????????? | | ?????????????????????????????????????????????????? | | ?????????????????????????????????????????????????? | | ?????????????????????????????????????????????????? | | | | | | | | | | | | | +----------------------------------------------------+ Best States ------------- Heat Dissipation 39 Energy Generation 10 Energy Capacity 250 Matter Stores 300 Matter Capacity 300 Sight Range 16 Terrain Scan Density 10 Evasion (%) 53 Item Schematics ----------------- None Robot Schematics ------------------ None Fabricated ------------ Nothing Alien Tech Used ----------------- None Achievements -------------- None Challenges ------------ None Game ------ Seed UtilitySensorRouter Manual? 0 Play Time 00:13:50 Cumulative 11.5 hours Start 2020.09.23 @ 12:08:27 End 2020.09.23 @ 12:21:41 Sessions 1 Manual Loads 0 Difficulty Rogue Special Mode None Game No. 20 Rogue 20 Adventurer 0 Explorer 0 Win Type - Total 0 Types 0/0/0/0/0/0/0/0/0 Lore% 7 Gallery% 11 Achievement% 11 Wizard Run 0 Options --------- ASCII 0 Keyboard 0 Movement Mouse Keybinds 0 Fullscreen 1 Font 24/Smallcaps Map View 76x50 Tactical HUD 1 Map Filters NONE Filters NONE Steam 1 RUN: e1863475-a307-43f5-961c-45d08dab45df